 Dungeon Crawl Stone Soup version 0.29-a0-284-gf9362112df (webtiles) character file.

Game seed: 12378877499620349798

99335 drugrobin the Severer (level 15, -12/144 HPs)
             Began as a Demigod Fighter on Mar 18, 2022.
             Mangled by a very large slime creature (39 damage)
             ... on level 13 of the Dungeon.
             The game lasted 01:34:53 (27393 turns).

drugrobin the Severer (Demigod Fighter)            Turns: 27393, Time: 01:34:54

Health: -12/144    AC: 22    Str: 29    XL:     15   Next: 32%
Magic:  32/32      EV:  7    Int: 18    God:
Gold:   2481       SH: 10    Dex: 13    Spells: 20/20 levels left

rFire   + + +      SeeInvis .   b - +2 war axe (venom)
rCold   . . .      Faith    .   N - +0 kite shield {AC+3}
rNeg    . . .      Spirit   .   V - +2 chain mail {rF+}
rPois   +          Reflect  .   l - +0 helmet
rElec   .          Harm     .   i - +0 cloak
rCorr   +          Rampage  .   k - +4 pair of gloves of Relativism {rF+ rCorr MP+9}
Will    +....                   (no boots)
Stlth   ..........              o - amulet of regeneration
HPRegen 1.14/turn               X - +4 ring of slaying
MPRegen 0.23/turn               E - ring of Kaiqutiog {Contam rPois rF+ Stlth+}

@: no status effects
A: high MP 1, forlorn, divine attributes
a: no special abilities


You were on level 13 of the Dungeon.
You visited 4 branches of the dungeon, and saw 22 of its levels.
You also visited: Sewer, Ossuary and Bailey.

You collected 2982 gold pieces.
You spent 501 gold pieces at shops.

Inventory:

Hand Weapons
 a - a +2 war axe of freezing
 b - a +2 war axe of venom (weapon)
 c - a +4 long sword of flaming
 d - a +2 flail of holy wrath
Missiles
 p - 35 poisoned darts
 Q - 11 silver boomerangs (quivered)
 S - 4 curare-tipped darts
Armour
 i - a +0 cloak (worn)
 k - the +4 pair of gloves of Relativism (worn) {rF+ rCorr MP+9}
   (You acquired it on level 7 of the Dungeon)

   rF:        It protects you from fire.
   MP:        It affects your magic capacity (+9).
   rCorr:     It protects you from acid and corrosion.
 l - a +0 helmet (worn)
 N - a +0 kite shield of protection (worn)
 V - a +2 chain mail of fire resistance (worn)
Magical Staves
 g - a staff of air
Jewellery
 o - an amulet of regeneration (around neck)
 r - a ring of see invisible
 s - a ring of ice
 E - the ring of Kaiqutiog (right hand) {Contam rPois rF+ Stlth+}
   (You found it on level 5 of the Lair of Beasts)

   [ring of protection from fire]

   rF:        It protects you from fire.
   rPois:     It protects you from poison.
   Contam:    It causes magical contamination when unequipped.
   Stlth:     It makes you more stealthy.
 U - a ring of protection from cold
 X - a +4 ring of slaying (left hand)
Wands
 h - a wand of flame (48)
 t - a wand of acid (11)
 F - a wand of digging (29)
 J - a wand of charming (6)
 K - a wand of paralysis (7)
 L - a wand of iceblast (10)
 P - a wand of mindburst (6)
 T - a wand of polymorph (4)
Scrolls
 e - 7 scrolls of teleportation
 j - a scroll of silence
 m - 3 scrolls of summoning
 v - 2 scrolls of torment {unknown}
 w - 6 scrolls of vulnerability
 y - 2 scrolls of fear
 z - 5 scrolls of magic mapping
 C - 3 scrolls of fog {unknown}
 D - 3 scrolls of holy word
 H - a scroll of enchant armour
 R - 2 scrolls of enchant weapon {unknown}
 W - 4 scrolls of blinking {unknown}
 Z - a scroll of amnesia {unknown}
Potions
 f - a potion of lignification
 n - 5 potions of curing
 q - 5 potions of might
 u - 6 potions of attraction
 x - 3 potions of heal wounds
 A - 3 potions of resistance
 B - 5 potions of haste
 G - 3 potions of ambrosia
 M - 2 potions of mutation
 O - 2 potions of invisibility
 Y - 5 potions of cancellation


   Skills:
 + Level 16.2 Fighting
 - Level 18.0 Axes
 - Level 5.0 Armour
 + Level 7.7 Shields
 - Level 3.2 Spellcasting
 - Level 5.0 Evocations


You had 20 spell levels left.
You didn't know any spells.
Your spell library contained the following spells:

 Spells                   Type           Power      Damage    Failure   Level
 Animate Skeleton         Necr           4%         N/A       90%         1
 Foxfire                  Conj/Fire      8%         2x1d4     90%         1
 Pain                     Necr           8%         1d4       90%         1
 Scorch                   Fire           4%         2d5       97%         2
 Confusing Touch          Hex            2%         N/A       99%         3
 Conjure Flame            Conj/Fire      2%         6-21      99%         3
 Inner Flame              Hex/Fire       2%         N/A       99%         3
 Tukima's Dance           Hex            2%         N/A       99%         3
 Vampiric Draining        Necr           2%         2d6       99%         3
 Flame Wave               Conj/Fire      2%         2d4       100%        4
 Fulminant Prism          Conj/Hex       1%         3d6       100%        4
 Hailstorm                Conj/Ice       2%         3d3       100%        4
 Ice Form                 Ice/Tmut       2%         N/A       100%        4
 Iskenderun's Mystic Bla  Conj/Tloc      2%         2d3       100%        4
 Passage of Golubria      Tloc           2%         N/A       100%        4
 Lee's Rapid Deconstruct  Erth           1%         3d5*      100%        5
 Yara's Violent Unravell  Hex/Tmut       1%         3d3       100%        5
 Dispersal                Tloc           1%         N/A       100%        6
 Simulacrum               Ice/Necr       1%         N/A       100%        6
 Summon Cactus Giant      Summ           1%         N/A       100%        6
 Enfeeble                 Hex            1%         N/A       100%        7
 Disjunction              Tloc           1%         N/A       100%        8


Dungeon Overview and Level Annotations

Branches:
Dungeon (13/15)            Temple (0/1) D:7            Lair (6/6) D:9
  Swamp (1/4) Lair:4       Spider (0/4) Lair:3        Slime (0/5) Lair:6
    Orc (2/2) D:10            Elf (0/3) Orc:2         Sewer (visited)
Ossuary (visited)          Bailey (visited)
 Vaults: D:13-14

Shops:
D:6 (   D:13 =   Orc:1 (   Orc:2 [?::(

Portals:
Abyss: Lair:2
Trove: D:11 (give +4 demon blade)

Annotations:
D:11 3 runed translucent doors, SweetAndFullOfGrace's ghost, journeyman MiBe
D:12 1 runed translucent door, Erolcha; freelancePsychic's ghost, journeyman KoHu
Lair:2 2 transporters, AlmostDecent's ghost, journeyman VSFi


Innate Abilities, Weirdness & Mutations

You have an increased reservoir of magic. (+10% MP)
You shall have no god before yourself.
Your divine heritage dramatically boosts your attributes as you level up.


Message History

The very large slime creature is lightly wounded.
The very large slime creature barely misses you.
You completely miss the very large slime creature.
The very large slime creature is lightly wounded.
The very large slime creature hits you!!!
You slice the very large slime creature!!
The very large slime creature is moderately wounded.
You block the very large slime creature's attack.
You slice the very large slime creature!!
The very large slime creature is moderately wounded.
The very large slime creature barely misses you.
You slash the very large slime creature!
The very large slime creature is heavily wounded.
You barely miss the very large slime creature.
The very large slime creature is heavily wounded.
The very large slime creature hits you!!!
You slash the very large slime creature!
The very large slime creature is heavily wounded.
The very large slime creature hits you!
The very large slime creature attacks as you move away!
The very large slime creature hits you!!
* * * LOW HITPOINT WARNING * * *
Unknown command.
Unknown command.
Unknown command.
Unknown command.
Unknown command.
Unknown command.
Unknown command.
Unknown command.
Unknown command.
Unknown command.
Unknown command.
Unknown command.
Unknown command.
Unknown command.
You slash the very large slime creature!
The very large slime creature is heavily wounded.
The very large slime creature hits you!!!
You die...

#.####..#######.#.
#.......##......#.
###....∩....#####.
##.##.....# ###. #
#.##..##.# #... #.
#.##..##.# #.#.
##..########.##..##.#
#.#.
#..!....J...........#
#.#.
##.######@.#.######.#
#... #............#
+# #...
#.######..#### #.##
#..# #.#. #..# #.#.
#..# #<#.
#..######### #.#.
#..........####.#.
#.######........#.


You could see a very large slime creature.

Vanquished Creatures
  2 thorn hunters (Swamp:1)
  The ghost of avis the Brawler, a journeyman HOMo of Beogh (Orc:2)
  Azrael (D:12)
  2 eleionomae
  2 bunyips (Swamp:1)
  Snorg (D:10)
  Fannar (D:10)
  13 hydras
  3 boulder beetles
  2 two-headed ogres
  2 alligators (Swamp:1)
  5 orc high priests
  A death yak (Lair:3)
  Sonja (D:9)
  Nergalle (Lair:2)
  Amaemon (Lair:1)
  A goliath frog (Swamp:1)
  A swamp dragon (Swamp:1)
  A bog body (Swamp:1)
  A lindwurm (Lair:6)
  A spriggan druid (Swamp:1)
  10 orc knights
  The ghost of boltboy the Slicer, a novice KoBr of Uskayaw (D:7)
  4 orc sorcerers
  A cyclops (Orc:1)
  2 moths of wrath (Orc:2)
  Maurice (D:9)
  7 elephants
  An orange demon (Lair:1)
  6 black mambas
  A gargoyle (D:11)
  11 rime drakes
  24 cane toads
  A torpor snail (Lair:6)
  9 komodo dragons
  A queen bee (D:7)
  6 trolls
  2 polar bears (Lair:3)
  Prince Ribbit (D:5)
  4 dream sheep (Lair:5)
  4 tyrant leeches
  A tarantella (Lair:3)
  22 blink frogs
  A slime creature (D:13)
  2 shadows
  6 wyverns
  2 vampires
  3 fire elementals
  3 wraiths
  6 basilisks
  50 yaks
  8 steam dragons (Lair:3)
  8 vampire mosquitoes
  5 swamp worms (Swamp:1)
  12 wargs
  2 acid dragons
  18 water moccasins
  2 hell hounds (D:12)
  40 orc warriors
  Pargi (Sewer)
  2 ice beasts
  A sky beast (D:5)
  5 black bears
  3 ogres
  24 wolves
  2 centaurs (D:9)
  4 kobold brigands
  25 bullfrogs
  A gnoll sergeant (D:5)
  A necrophage (D:6)
  14 scorpions
  12 wights
  18 killer bees
  3 howler monkeys
  8 electric eels
  2 centaur zombies (Ossuary)
  9 hounds
  3 human zombies (Ossuary)
  17 orc priests
  A jelly (D:5)
  A gnoll shaman (D:5)
  6 scorpion zombies (Ossuary)
  16 iguanas
  30 orc wizards
  3 mummies (Ossuary)
  Robin (D:2)
  14 gnolls
  5 adders
  2 shadow imps
  3 white imps
  An ufetubus (D:5)
  A worm (D:3)
  4 dart slugs
  101 orcs
  5 ball pythons
  10 bats
  An endoplasm (D:4)
  5 giant cockroaches
  18 goblins
  9 hobgoblins
  2 jackals (D:2)
  5 quokkas
  4 frilled lizards
  2 hobgoblin zombies (Ossuary)
  15 kobolds
  4 kobold zombies (Ossuary)
  An orc zombie (Ossuary)
  4 rats
  2 briar patches (Swamp:1)
763 creatures vanquished.

Vanquished Creatures (others)
  A bloated husk (Swamp:1)
  A wyvern (Lair:4)
  A shadow imp (D:7)
  77 fungi
  130 plants
  7 toadstools (Swamp:1)
217 creatures vanquished.

Grand Total: 980 creatures vanquished

Notes
Turn   | Place    | Note
-------+----------+-------------------------------------------
     0 | D:1      | drugrobin the Demigod Fighter began the quest for the Orb.
     0 | D:1      | Reached XP level 1. HP: 18/18 MP: 3/3
    46 | D:1      | Reached skill level 2 in Axes
    87 | D:1      | Reached XP level 2. HP: 16/25 MP: 4/4
   510 | D:1      | Reached skill level 3 in Axes
   883 | D:2      | Noticed Robin
   884 | D:2      | Reached XP level 3. HP: 25/28 MP: 5/5
  1224 | D:2      | Killed Robin
  1461 | D:2      | Reached skill level 4 in Axes
  1629 | D:2      | Reached XP level 4. HP: 26/37 MP: 6/6
  2784 | D:3      | Found a glowing drain.
  2803 | Sewer    | Entered a sewer
  2846 | Sewer    | Noticed Pargi
  2857 | Sewer    | Killed Pargi
  2858 | Sewer    | Reached skill level 5 in Axes
  2858 | Sewer    | Reached XP level 5. HP: 42/42 MP: 7/7
  3496 | D:4      | Found a sand-covered staircase.
  3502 | Ossuary  | Entered an ossuary
  3565 | Ossuary  | Reached skill level 6 in Axes
  3565 | Ossuary  | Reached XP level 6. HP: 16/50 MP: 8/8
  3993 | Ossuary  | Reached skill level 7 in Axes
  4053 | Ossuary  | Reached XP level 7. HP: 56/56 MP: 9/9
  4129 | Ossuary  | Reached skill level 8 in Axes
  4518 | Ossuary  | Reached skill level 9 in Axes
  4582 | Ossuary  | Reached XP level 8. HP: 57/62 MP: 10/10
  5477 | D:5      | Entered Level 5 of the Dungeon
  5746 | D:5      | Reached skill level 10 in Axes
  5765 | D:5      | Noticed Prince Ribbit
  5809 | D:5      | Killed Prince Ribbit
  5810 | D:5      | Reached skill level 5 in Fighting
  6199 | D:5      | Reached XP level 9. HP: 51/74 MP: 11/11
  6616 | D:6      | Reached skill level 1 in Evocations
  6707 | D:6      | Found Tiuh's Weapon Emporium.
  7374 | D:7      | Found a transporter.
  7379 | D:7      | Found a transporter.
  7393 | D:7      | Noticed boltboy's ghost (novice KoBr)
  7668 | D:7      | Identified a scroll of acquirement
  7669 | D:7      | Acquired the +4 pair of gloves of Relativism {rF+ rCorr
                  | MP+9}
  7804 | D:7      | Found a staircase to the Ecumenical Temple.
  7939 | D:8      | Reached skill level 11 in Axes
  8802 | D:9      | Reached XP level 10. HP: 86/86 MP: 13/13
  9040 | D:9      | Reached skill level 5 in Evocations
  9439 | D:9      | Reached skill level 12 in Axes
  9568 | D:9      | Noticed Maurice
  9581 | D:9      | Killed Maurice
  9788 | D:9      | Found a staircase to the Lair.
  9833 | D:10     | Entered Level 10 of the Dungeon
  9874 | D:10     | Found a flagged portal.
  9885 | Bailey   | Entered a bailey
 10299 | Bailey   | Noticed an orc knight
 10412 | Bailey   | Killed an orc knight
 10488 | Bailey   | Reached skill level 13 in Axes
 10488 | Bailey   | Reached skill level 5 in Armour
 10488 | Bailey   | Reached XP level 11. HP: 99/99 MP: 19/19
 10669 | D:10     | Found a staircase to the Orcish Mines.
 10737 | D:10     | Noticed Snorg
 10786 | Lair:1   | Entered Level 1 of the Lair of Beasts
 10786 | Lair:1   | Noticed an eight-headed hydra
 10796 | D:9      | HP: 1/99 [eight-headed hydra (6)]
 10922 | D:9      | Killed a three-headed hydra
 10923 | D:9      | Reached skill level 10 in Fighting
 11014 | D:9      | Reached XP level 12. HP: 91/106 MP: 20/20
 11160 | Lair:1   | Noticed Sonja
 11283 | D:9      | Killed Sonja
 11486 | Lair:1   | Noticed a four-headed hydra
 11499 | Lair:1   | Killed a one-headed hydra
 11546 | Lair:1   | Noticed Amaemon
 11597 | Lair:1   | Killed Amaemon
 11791 | Lair:1   | Reached skill level 14 in Axes
 11921 | Lair:1   | Noticed a four-headed hydra
 11935 | Lair:1   | Killed a four-headed hydra
 12623 | Lair:2   | Noticed Nergalle
 12644 | Lair:2   | Killed Nergalle
 12894 | Lair:2   | Noticed AlmostDecent's ghost (journeyman VSFi)
 12902 | Lair:2   | Found a transporter.
 12906 | Lair:2   | Found a transporter.
 13217 | Lair:2   | Found a one-way gate to the infinite horrors of the Abyss.
 13512 | Lair:3   | Found a hole to the Spider Nest.
 13780 | Lair:3   | Noticed a six-headed hydra
 13792 | Lair:3   | Killed a one-headed hydra
 13793 | Lair:3   | Reached XP level 13. HP: 66/119 MP: 21/21
 13937 | Lair:3   | Reached skill level 15 in Axes
 16043 | Lair:4   | Found a staircase to the Swamp.
 16327 | Lair:5   | Reached skill level 16 in Axes
 16682 | Lair:5   | Identified the ring of Kaiqutiog {Contam rPois rF+ Stlth+}
 16971 | Lair:6   | Entered Level 6 of the Lair of Beasts
 17766 | Lair:6   | Reached XP level 14. HP: 80/133 MP: 22/22
 18243 | Lair:6   | Found a staircase to the Slime Pits.
 18657 | Lair:6   | Reached skill level 17 in Axes
 19983 | Swamp:1  | Entered Level 1 of the Swamp
 20200 | Swamp:1  | Noticed a thorn hunter
 20245 | Swamp:1  | Killed a thorn hunter
 20246 | Swamp:1  | Reached skill level 15 in Fighting
 20445 | Swamp:1  | Noticed a thorn hunter
 20473 | Swamp:1  | Killed a thorn hunter
 21097 | Swamp:1  | Reached skill level 5 in Shields
 21451 | D:10     | Killed Snorg
 21493 | D:10     | Noticed Fannar
 21517 | D:10     | Killed Fannar
 22044 | Orc:1    | Entered Level 1 of the Orcish Mines
 22381 | Orc:2    | Entered Level 2 of the Orcish Mines
 22685 | Orc:2    | Found a staircase to the Elven Halls.
 22782 | Orc:1    | Found Kapla's Antique Weapon Emporium.
 22907 | Orc:2    | Found a transporter.
 22909 | Orc:2    | Noticed avis's ghost (journeyman HOMo)
 22931 | Orc:2    | Found a transporter.
 23585 | Orc:1    | Reached XP level 15. HP: 97/143 MP: 23/23
 23966 | Orc:2    | Found Pyrghue's Antique Armour Shoppe.
 24739 | Orc:2    | Found Igunotonn's Magic Scroll Boutique.
 24739 | Orc:2    | Found Ilijon's Book Emporium.
 24741 | Orc:2    | Found Ihehiunn's Book Boutique.
 24741 | Orc:2    | Found Tetut's Weapon Emporium.
 24747 | Orc:2    | Bought a scroll of holy word for 112 gold pieces
 24747 | Orc:2    | Bought a scroll of enchant armour for 112 gold pieces
 24747 | Orc:2    | Bought a scroll of noise for 15 gold pieces
 24750 | Orc:2    | Bought a scroll of fear for 52 gold pieces
 25144 | Orc:2    | Identified the amulet of the Devil {Acrobat rC- MP-9 Dex+9}
 25218 | Orc:2    | Killed avis's ghost
 25471 | D:7      | Killed boltboy's ghost
 25862 | D:11     | Found a runed translucent gate.
 25864 | D:11     | Found a runed translucent gate.
 25874 | D:11     | Found a runed translucent gate.
 25875 | D:11     | Noticed SweetAndFullOfGrace's ghost (journeyman MiBe)
 25974 | D:11     | Found a portal to a secret trove of treasure.
 26227 | D:11     | Identified the +0 ring mail "Nomucaq" {-Cast rPois rCorr
                  | Str+5}
 26361 | D:11     | Reached skill level 18 in Axes
 26367 | D:11     | Identified the +3 flail "Luapn" {vorpal, rC+ Dex+4}
 26873 | D:12     | Noticed Azrael
 26888 | D:12     | Killed Azrael
 27117 | D:12     | Noticed Erolcha
 27177 | D:12     | Found a runed translucent door.
 27180 | D:12     | Noticed freelancePsychic's ghost (journeyman KoHu)
 27184 | D:12     | Identified the +6 trident "Riluakug" {spect, *Noise +Blink
                  | MP+9 Str+5}
 27275 | D:13     | Found Talismy's Jewellery Shop.
 27288 | D:13     | Bought a ring of see invisible for 210 gold pieces
 27393 | D:13     | Mangled by a very large slime creature

Illustrated notes

Levels and vault maps discovered:
D:1:      dpeg_arrival_connections, layout_rooms, st_stairs_2,
          hangedman_decor_clover_reticule
D:2:      layout_basic, shapermc_ecumenical_altar_mp_urbaneastern,
          minmay_misc_feat_four_crosses, uniq_robin
D:3:      layout_basic, cheibrodos_sewer_entry_bend
D:4:      layout_basic, lightli_ossuary_entry_decrepit_ruins
D:5:      minmay_opposing_rooms, layout_basic, uniq_prince_ribbit1
D:6:      layout_basic, serial_shops, shop
D:7:      layout_gridville, lemuel_temple_firewalk_b, gammafunk_ghost_hive,
          grunt_ministairs_8
D:8:      layout_basic, nicolae_gozag_cash_rules_everything_around_me,
          minmay_unpleasant_kobolds
D:9:      minmay_general_purpose_star, layout_long_grid,
          grunt_lair_entry_orc_guard_hut, abandoned_shop, minmay_lizard_king,
          uniq_maurice
D:10:     layout_basic, david_orc_2, enter_bailey_3, uniq_fannar, uniq_snorg
D:11:     layout_gridville, enter_trove_0, gammafunk_ghost_split
D:12:     kennysheep_ambush_hall, layout_cave_pools,
          ebering_ghost_funeral_grove, uniq_azrael, uniq_erolcha, uniq_urug
D:13:     layout_basic, skrybe_vaults_entry_preservation, serial_shops,
          nicolae_square_shop, lemuel_old_faithful
Lair:1:   layout_chaotic_city, dpeg_stationary_puzzle, grunt_megastairs_5,
          uniq_sonja, uniq_amaemon
Lair:2:   layout_small_grid, gammafunk_ghost_abyssal_escape, uniq_nergalle
Lair:3:   cheibrodos_lair_river_kwai, layout_gridlike, spider_nest_entry_rubble,
          bobbens_dragon_lair_wall
Lair:4:   layout_gridlike, minmay_swamp_entry_reptiles,
          chequers_serial_rivers_small_b, beast_lair_carwin_8,
          infiniplex_staircase_pool_2
Lair:5:   layout_gridlike, minivault_26, chequers_serial_rivers_micro_d,
          grunt_megastairs_3, serial_bayou_shore_b
Lair:6:   minmay_lair_end_frog_pond, layout_regular_city, slime_altar_1
Swamp:1:  cheibrodos_swamp_tower_of_moss, layout_basic_swamp,
          evilmike_swamp_ruin_house_5, swamp_pool4
Orc:1:    layout_caves, special_room [special_room_orc], serial_shops,
          nicolae_shop_overgrown_old_shop, trog_butcher_becter
Orc:2:    grunt_orc_tribal_feast, layout_caves,
          gammafunk_ghost_berserking_beasts, serial_shops, shop_statue

Skill      XL: |  1  2  3  4  5  6  7  8  9 10 11 12 13 14 15 |
---------------+----------------------------------------------+-----
Axes           | 2 3 4 5 6 7 9 10 11 13 14 16 17 18 | 18.0
Fighting       | 5 7 9 10 12 14 15 16 | 16.2
Evocations     | 4 5 |  5.0
Armour         | 5 |  5.0
Spellcasting   | 3 |  3.2
Shields        | 6 7 |  7.7

Action                   |  1- 3 |  4- 6 |  7- 9 | 10-12 | 13-15 || total
-------------------------+-------+-------+-------+-------+-------++-------
Melee: War axe           |   123 |   119 |   464 |   511 |  1032 ||  2249
       Short sword       |       |       |       |    17 |       ||    17
       Long sword        |       |       |       |    30 |    58 ||    88
       Demon whip        |       |       |       |    51 |   106 ||   157
       Staff             |       |       |       |       |     1 ||     1
       Flail             |       |       |       |       |    24 ||    24
Throw: Stone             |     5 |     2 |       |       |       ||     7
       Dart              |       |     8 |    12 |     5 |     1 ||    26
       Boomerang         |       |       |    45 |     7 |    28 ||    80
       Throwing net      |       |       |     1 |     4 |       ||     5
Evoke: Wand              |       |       |     1 |     3 |     2 ||     6
  Use: Potion            |       |     2 |     1 |     4 |     3 ||    10
       Scroll            |       |       |    10 |     4 |    11 ||    25
 Stab: Paralysed         |       |       |       |     7 |       ||     7
       Held in net/web   |       |       |       |     6 |       ||     6
       Distracted        |       |       |       |       |     1 ||     1
Armor: Scale mail        |    73 |    65 |    58 |       |       ||   196
       Skin              |       |     8 |    10 |       |       ||    18
       Chain mail        |       |       |   138 |   142 |   615 ||   895
       Plate armour      |       |       |       |   288 |    31 ||   319
Dodge: Dodged            |    59 |    54 |   136 |   237 |   331 ||   817
Block: Buckler           |    29 |    22 |    67 |   115 |    87 ||   320
       Kite shield       |       |       |       |       |   294 ||   294

Table legend: (Time is in decaauts)
 A = Elapsed time spent in this place.
 B = Non-inter-level travel time spent in this place.
 C = Inter-level travel time spent in this place.
 D = Time resting spent in this place.
 E = Time spent auto-exploring this place.
 F = Levels seen in this place.
 G = Mean time per level.
                   A        B        C        D        E       F      G
               +--------+--------+--------+--------+--------+-----+--------+
         Total |  27460 |  25615 |   1845 |   4447 |  11860 |  25 | 1098.4 |
       Dungeon |  12454 |  11535 |    919 |   1709 |   5816 |  13 |  958.0 |
          Lair |   8838 |   8151 |    687 |   1143 |   4447 |   6 | 1473.0 |
         Swamp |   1270 |   1270 |      0 |    187 |    492 |   1 | 1270.0 |
  Orcish Mines |   3034 |   2796 |    238 |    861 |    905 |   2 | 1517.0 |
         Sewer |    105 |    105 |      0 |      8 |      0 |   1 |  105.0 |
       Ossuary |   1155 |   1155 |      0 |    462 |    127 |   1 | 1155.0 |
        Bailey |    601 |    601 |      0 |     75 |     72 |   1 |  601.0 |
               +--------+--------+--------+--------+--------+-----+--------+

Top non-repeatable levels by time:
  Lair:5: 2041 daAuts
   Orc:2: 1886 daAuts
     D:9: 1748 daAuts
  Lair:3: 1699 daAuts
  Lair:6: 1567 daAuts
     D:2: 1371 daAuts
  Lair:1: 1273 daAuts
 Swamp:1: 1270 daAuts
  Lair:2: 1188 daAuts
 Ossuary: 1155 daAuts
   Orc:1: 1148 daAuts
     D:1: 1083 daAuts
  Lair:4: 1067 daAuts
    D:11: 1048 daAuts
    D:10: 1042 daAuts
